 Dungeon Crawl Stone Soup version 0.22.1 (webtiles) character file.

113 robertstho the Chopper (level 4, 0/28 HPs)
             Began as a Tengu Berserker on Sept 18, 2018.
             Was a Believer of Trog.
             Killed from afar by an orc wizard (11 damage)
             ... with a puff of flame
             ... on level 3 of the Dungeon.
             The game lasted 00:04:02 (1868 turns).

robertstho the Chopper (Tengu Berserker)            Turns: 1868, Time: 00:04:03

Health: 0/28       AC:  6    Str: 19    XL:     4   Next: 96%
Magic:  5/5        EV: 10    Int:  7    God:    Trog [**....]
Gold:   100        SH:  0    Dex: 13    Spells: 3/3 levels left

rFire    . . .     SeeInvis .   a - +0 hand axe
rCold    . . .     Gourm    .   (no shield)
rNeg     . . .     Faith    .   f - +0 scale mail (curse)
rPois    .         Spirit   .   (helmet restricted)
rElec    .         Reflect  .   (no cloak)
rCorr    .         Harm     .   (no gloves)
MR       .....                  (boots unavailable)
Stlth    ..........             (no amulet)
HPRegen  0.09/turn              (no ring)
MPRegen  0.09/turn              (no ring)

@: no status effects
A: beak, talons 3
a: Berserk, Trog's Hand, Renounce Religion


You were on level 3 of the Dungeon.
You worshipped Trog.
Trog was pleased with you.
You were not hungry.

You visited 1 branch of the dungeon, and saw 3 of its levels.

You collected 100 gold pieces.

Inventory:

Hand Weapons
 a - a +0 hand axe (weapon)
Armour
 b - a +0 animal skin
 f - a cursed +0 scale mail (worn)
Scrolls
 d - a scroll of identify {unknown}
 e - 2 scrolls of fog {unknown}
 g - 2 scrolls of teleportation {unknown}
 h - a scroll of fear {unknown}
 i - a scroll of enchant armour {unknown}
 k - a scroll of blinking {unknown}
 m - a scroll of remove curse {unknown}
 n - a scroll of magic mapping {unknown}
Potions
 l - 2 potions of curing {unknown}
 o - a potion of flight {unknown}
Comestibles
 c - 6 rations


   Skills:
 + Level 3.5 Fighting
 * Level 5.2 Axes
 * Level 2.7 Armour
 + Level 2.3 Dodging
 + Level 0.1 Stealth


You had 3 spell levels left.
You didn't know any spells.
Your spell library was empty.

Dungeon Overview and Level Annotations

Branches:
Dungeon (3/15)

Altars:
Dithmenos
Trog


Innate Abilities, Weirdness & Mutations

You have a beak for a mouth.
You have claws for feet.


Message History

You hit the orc wizard but do no damage.
Your peck misses the orc wizard.
A hobgoblin comes into view.
The orc wizard points at you and mumbles some strange words.
The magic dart hits you! The orc wizard closely misses you.
The hobgoblin shouts!
You hit the orc wizard. Your peck misses the orc wizard.
The orc wizard is lightly wounded.
The orc wizard misses you.
A rat comes into view.
You completely miss the orc wizard.
The orc wizard is lightly wounded.
You hit the orc.
The orc wizard gestures at you while chanting.
The puff of frost hits you!
The orc wizard gestures at you while chanting.
The magic dart hits you! The orc closely misses you.
The orc wizard casts a spell at you. The puff of flame hits you!
You die...

#.........###......†.##
+.........'............
#.........####...######
#.......## #>.##
##.....## #..# ##...##
##+# ##'## ##.#####
#?.@...# #..#####
.......oo...#
..o.......###
............
.r...g....###
......#.### ......#.#
......#.#


You could see 2 orc wizards, a hobgoblin and a rat.

Vanquished Creatures
  An orc wizard (D:3)
  3 adders
  An ooze (D:2)
  2 dart slugs (D:2)
  2 leopard geckos
  4 orcs
  3 giant cockroaches
  3 goblins
  5 hobgoblins
  2 jackals (D:1)
  A quokka (D:2)
  A ball python (D:2)
  3 bats
  4 frilled lizards
  5 kobolds
  6 rats
46 creatures vanquished.

Notes
Turn   | Place    | Note
-------+----------+-------------------------------------------
     0 | D:1      | robertstho the Tengu Berserker began the quest for the Orb.
     0 | D:1      | Reached XP level 1. HP: 14/14 MP: 2/2
   195 | D:1      | Reached XP level 2. HP: 6/19 MP: 3/3
   862 | D:1      | Reached skill level 4 in Axes
  1099 | D:2      | Reached XP level 3. HP: 22/23 MP: 4/4
  1124 | D:2      | Found a shadowy altar of Dithmenos.
  1224 | D:2      | Reached ** piety under Trog
  1381 | D:2      | Reached XP level 4. HP: 25/28 MP: 5/5
  1605 | D:2      | Found a bloodstained altar of Trog.
  1803 | D:3      | Reached skill level 5 in Axes
  1868 | D:3      | Killed from afar by an orc wizard

Skill      XL: |  1  2  3  4 |
---------------+-------------+-----
Axes           | 4 5 |  5.2
Fighting       | |  3.5
Armour         | |  2.7
Dodging        | |  2.3
Stealth        | |  0.1

Action                   |  1- 3 |  4- 6 || total
-------------------------+-------+-------++-------
Melee: Hand axe          |    67 |    37 ||   104
       Kick              |    17 |     5 ||    22
       Peck              |     8 |     5 ||    13
  Eat: Chunk             |     1 |     2 ||     3
Armor: Animal skin       |     1 |       ||     1
       Scale mail        |    19 |    15 ||    34
Dodge: Dodged            |    37 |    18 ||    55
